 Dungeon Crawl Stone Soup version 0.31-a0-818-ge7c7cf74f0 (webtiles) character file.

Game seed: 12564608264185955790

177 Bnni the Vexing (level 5, -2/38 HPs)
             Began as a Formicid Hexslinger on Sept 23, 2023.
             Blown up by Ijyb (18 damage)
             ... with a mindburst bolt
             ... on level 4 of the Dungeon.
             The game lasted 00:04:30 (2390 turns).

Bnni the Vexing (Formicid Hexslinger)               Turns: 2390, Time: 00:04:31

Health: -2/38      AC:  3    Str: 12    XL:     5   Next: 87%
Magic:  7/8        EV: 12    Int: 13    God:
Gold:   147        SH:  0    Dex: 18    Spells: 3/8 levels left

rFire   + . .        a - +1 sling
rCold   . . .        (no shield)
rNeg    . . .        l - +0 leather armour {rF+}
rPois   .            (helmet unavailable)
rElec   .            (no cloak)
rCorr   .            (no gloves)
SInv    +            (no boots)
Will    .....        f - amulet of regeneration
Stlth   +            (no ring)
HPRegen 1.06/turn    (no ring)
MPRegen 0.11/turn

%: no passive effects
@: weak-willed
A: permanent stasis, dig shafts and tunnels, antennae 3, four strong arms
a: Dig, Shaft Self


You were on level 4 of the Dungeon.
You visited 1 branch of the dungeon, and saw 4 of its levels.

You collected 147 gold pieces.

Inventory:

Hand Weapons
 a - a +1 sling (weapon)
Armour
 l - a +0 leather armour of fire resistance (worn)
Jewellery
 f - an amulet of regeneration (around neck)
 n - an amulet of magic regeneration
Wands
 e - a wand of roots (6)
Scrolls
 b - 3 scrolls of poison
 c - a scroll of summoning {unknown}
 d - a scroll of fear {unknown}
 i - 2 scrolls of identify {unknown}
 k - a scroll of silence {unknown}
 m - a scroll of blinking {unknown}
Potions
 g - 4 potions of heal wounds {unknown}
 h - a potion of experience {unknown}
 j - 5 potions of curing {unknown}
 o - a potion of degeneration {unknown}
 p - a potion of attraction {unknown}
 q - a potion of invisibility {unknown}
 r - a potion of magic {unknown}


   Skills:
 + Level 2.2 Fighting
 * Level 3.2 Ranged Weapons
 + Level 1.0 Armour
 - Level 1.7 Dodging
 + Level 2.1 Spellcasting
 * Level 4.8 Hexes
 * Level 2.0 Fire Magic


You had 3 spell levels left.
You knew the following spells:

 Your Spells              Type           Power      Damage    Failure   Level
a - Jinxbite              Hex            28%        N/A       6%          2
c - Inner Flame           Hex/Fire       10%        N/A       22%         3

Your spell library contained the following spells:

 Spells                   Type           Power      Damage    Failure   Level
 Sigil of Binding         Hex            14%        N/A       13%         3
 Ensorcelled Hibernation  Hex/Ice        14%        N/A       19%         2
 Freeze                   Ice            4%         1d3       32%         1
 Frozen Ramparts          Ice            2%         1d1       67%         3
 Hailstorm                Conj/Ice       1%         3d3       67%         3
 Cause Fear               Hex            7%         N/A       38%         4
 Anguish                  Hex/Necr       3%         N/A       75%         4
 Dimensional Bullseye     Hex/Tloc       3%         N/A       75%         4


Dungeon Overview and Level Annotations

Branches:
Dungeon (4/15)
 Temple: D:4-7

Altars:
Elyvilon

Annotations:
D:4 Ijyb


Innate Abilities, Weirdness & Mutations

You cannot be hasted, slowed, berserked, paralysed or teleported.
You can dig through walls and to a lower floor.
You have a pair of large antennae on your head. (SInv)
Your four strong arms can wield two-handed weapons with a shield.


Message History

Ijyb closely misses you.
Unknown command.
You shoot a sling bullet.
The sling bullet hits Ijyb but does no damage.
A giggling sprite leaps out and makes Ijyb trip over her own feet.
Ijyb is lightly wounded.
Ijyb barely misses you.
You shoot a sling bullet. The sling bullet barely misses Ijyb.
The ball python misses you. The ball python grabs you.
The ball python constricts you. Ijyb hits you but does no damage.
The ball python bites you but does no damage.
The ball python constricts you. Ijyb hits you with a +0 club.
You shoot a sling bullet. The sling bullet hits the ball python.
The ball python is severely wounded.
A giggling sprite leaps out and makes the ball python trip over its own tail.
You kill the ball python!
Ijyb seems less drained.
Ijyb hits you with a +0 club.
Unknown command.
You shoot a sling bullet. The sling bullet misses Ijyb.
Ijyb hits you with a +0 club.
You shoot a sling bullet. The sling bullet hits Ijyb.
Ijyb is heavily wounded.
The jinxing sprites lose interest in you.
Ijyb zaps a wand.
Your mind is blasted!
Ijyb closely misses you.
Unknown command.
You shoot a sling bullet.
The sling bullet hits Ijyb but does no damage.
Ijyb is heavily wounded.
Ijyb hits you with a +0 club.
You shoot a sling bullet. The sling bullet barely misses Ijyb.
Ijyb hits you with a +0 club.
Unknown command.
You shoot a sling bullet.
The sling bullet hits Ijyb but does no damage.
Ijyb is heavily wounded.
Ijyb zaps a wand.
Your mind is blasted!
Unknown command.
You shoot a sling bullet. The sling bullet barely misses Ijyb.
Ijyb zaps a wand.
Your mind is blasted!
You die...

.... .. ....
. #<.#.#
#..#.# .....#
#...)####
#......[.
#@....#
.$......g...#
#.######..###
..+ #.# ..
.## .#


You could see Ijyb.

Vanquished Creatures
  Jessica (D:2)
  Robin (D:3)
  4 adders (D:2)
  3 worms
  3 dart slugs
  5 orcs (D:3)
  5 bats
  7 endoplasms
  A giant cockroach (D:1)
  15 goblins
  12 hobgoblins
  4 jackals (D:1)
  2 quokkas
  5 ball pythons
  5 frilled lizards
  3 kobolds
  3 rats
79 creatures vanquished.

Notes
Turn   | Place    | Note
-------+----------+-------------------------------------------
     0 | D:1      | Bnni the Formicid Hexslinger began the quest for the Orb.
     0 | D:1      | Reached XP level 1. HP: 15/15 MP: 2/2
    91 | D:1      | Reached XP level 2. HP: 21/21 MP: 3/3
   113 | D:1      | Learned a level 2 spell: Jinxbite
   134 | D:1      | Reached skill level 4 in Hexes
   195 | D:1      | Reached XP level 3. HP: 26/26 MP: 5/5
   252 | D:1      | Found a faded altar of an unknown god.
   654 | D:1      | Learned a level 3 spell: Inner Flame
   699 | D:2      | Reached XP level 4. HP: 24/33 MP: 3/6
  1048 | D:2      | Noticed Jessica
  1052 | D:2      | Killed Jessica
  1053 | D:2      | Reached XP level 5. HP: 38/38 MP: 5/8
  1444 | D:3      | Noticed Robin
  1498 | D:3      | Killed Robin
  1521 | D:3      | Found a white marble altar of Elyvilon.
  1887 | D:3      | Reached skill level 1 in Armour
  2379 | D:4      | Noticed Ijyb
  2390 | D:4      | Blown up by Ijyb

Illustrated notes

Levels and vault maps discovered:
D:1:      elethiomel_arrival_quiet, layout_basic, shapermc_ecumenical_altar_venn
D:2:      layout_basic, uniq_jessica
D:3:      layout_loops_corners, lemuel_tele_altar, uniq_robin
D:4:      layout_loops_ring, mainiacjoe_overflow_alcove_4,
          nicolae_overflow_hidden_temple, general_overflow_altar,
          mainiacjoe_overflow_large_starburst, serial_glass, glass_columns_a,
          glass_columns_a, glass_columns_a, glass_columns_a, serial_shops,
          shop_coins, shop, shop, nicolae_shop_hallway_plus,
          nicolae_shop_tiny_glass, hangedman_abyss_or_decor_passed,
          uniq_eustachio, uniq_ijyb

Skill      XL: |  1  2  3  4  5 |
---------------+----------------+-----
Hexes          | 4 |  4.8
Spellcasting   | 2 |  2.1
Fighting       | 2 |  2.2
Ranged Weapons | 3 |  3.2
Armour         | 1 |  1.0
Fire Magic     | 2 |  2.0
Dodging        | |  1.7

Action                     |  1- 3 |  4- 6 || total
---------------------------+-------+-------++-------
   Fire: Sling             |    78 |   158 ||   236
   Cast: Jinxbite          |     1 |     8 ||     9
Ability: Dig               |       |     1 ||     1
    Use: Scroll            |       |     1 ||     1
 Armour: Robe              |    24 |       ||    24
         Leather armour    |       |    68 ||    68
  Dodge: Dodged            |    23 |    54 ||    77

Table legend: (Time is in decaauts)
 A = Elapsed time spent in this place.
 B = Non-inter-level travel time spent in this place.
 C = Inter-level travel time spent in this place.
 D = Time resting spent in this place.
 E = Time spent auto-exploring this place.
 F = Levels seen in this place.
 G = Mean time per level.
                   A        B        C        D        E       F      G
               +--------+--------+--------+--------+--------+-----+--------+
         Total |   2459 |   2349 |    110 |     37 |   1814 |   4 |  614.8 |
       Dungeon |   2459 |   2349 |    110 |     37 |   1814 |   4 |  614.8 |
               +--------+--------+--------+--------+--------+-----+--------+

Top non-repeatable levels by time:
     D:3: 910 daAuts
     D:2: 861 daAuts
     D:1: 674 daAuts
     D:4: 13 daAuts
